 Dungeon Crawl Stone Soup version 0.18.1-47-g9310371 (webtiles) character file.

259 zervinho the Sneak (level 5, 0/24 HPs)
             Began as a Spriggan Enchanter on June 21, 2016.
             Succumbed to an adder's poison
             ... on level 4 of the Dungeon.
             The game lasted 00:23:47 (4842 turns).

zervinho the Sneak (Spriggan Enchanter)             Turns: 4842, Time: 00:23:48

Health: 0/24       AC:  4    Str:  1 (4)  XL:     5   Next: 95%
Magic:  11/12      EV: 17    Int: 16 (18) God:
Gold:   193        SH:  0    Dex: 13 (16) Spells: 1 memorised, 11 levels left

rFire  . . .     SeeInvis +     a - +2 dagger
rCold  . . .     Gourm    .     b - +2 robe
rNeg   . . .     Faith    .     (shield restricted)
rPois  .         Spirit   .     (helmet restricted)
rElec  .         Dismiss  .     (no cloak)
rCorr  .         Reflect  .     (gloves unavailable)
SustAt .         Harm     .     (boots unavailable)
MR     .....                    (no amulet)
Stlth  ++++......               (no ring)
                                (no ring)

@: lethally poisoned (0 -> -11), very quick, not resistant to hostile
enchantments, stealthy
A: unfitting armour, see invisible, herbivore 3, speed 3, slow metabolism 2
a: no special abilities


You were on level 4 of the Dungeon.
You were not hungry.

You visited 1 branch of the dungeon, and saw 4 of its levels.

You collected 193 gold pieces.

Inventory:

Hand Weapons
 a - a +2 dagger (weapon)
 i - a +0 hunting sling of freezing
 k - a +0 dagger of pain
Missiles
 g - 117 stones (quivered)
 m - 49 poisoned needles
Armour
 b - a +2 robe (worn)
Wands
 r - a wand of paralysis (24/24)
Scrolls
 e - 4 scrolls of identify
 o - a scroll of fog
Potions
 u - a potion of cure mutation
 v - a potion of might
Books
 c - a book of Maledictions

   Spells                             Type                      Level
   a - Corona                         Hexes                        1
   b - Ensorcelled Hibernation        Hexes/Ice                    2
   c - Confuse                        Hexes                        3
   d - Tukima's Dance                 Hexes                        3
   e - Dazzling Spray                 Conjuration/Hexes            3
 s - a Necronomicon

   Spells                             Type                      Level
   a - Haunt                          Necromancy/Summoning         7
   b - Borgnjor's Revivification      Necromancy                   8
   c - Death's Door                   Charms/Necromancy            8
   d - Necromutation                  Transmutation/Necromancy     8
Comestibles
 d - 3 bread rations
 f - a slice of pizza


   Skills:
 * Level 3.8 Short Blades
 - Level 3.0 Dodging
 * Level 6.7 Stealth
 + Level 4.0 Spellcasting
 + Level 4.6 Hexes


You had 11 spell levels left.
You knew the following spells:

 Your Spells              Type           Power        Failure   Level  Hunger
a - Corona                Hex            ###....      2%          1    None


Dungeon Overview and Level Annotations

Branches:
Dungeon (4/15)
 Temple: D:4-7

Altars:
Gozag

Annotations:
D:3 Crazy Yiuf


Innate Abilities, Weirdness & Mutations

You are tiny and cannot use many weapons and most armour.
You have supernaturally acute eyesight.
You are a herbivore.
You cover ground extremely quickly.
You need consume almost no food.


Message History

You feel sick.
* * * LOW HITPOINT WARNING * * *
You feel sick.
Things that are here:
an adder corpse x2
There is a lethal amount of poison in your body!
There is a lethal amount of poison in your body!
There is a lethal amount of poison in your body!
Read which item? (? for menu, Esc to quit)
Okay, then.
Drink which item? (? for menu, Esc to quit)
Okay, then.
There is a lethal amount of poison in your body!
Unknown command.
There is a lethal amount of poison in your body!
There is a lethal amount of poison in your body!
There is a lethal amount of poison in your body!
* * * LOW HITPOINT WARNING * * *
You feel sick.
You die...

#.# #.?#
#########.# #.#
#..# ..........#
#.# #..# ######.###
#.# ### #..# #g#
#.######.## #..#
#.#
#.......#.###..# #
#.#
########....†..# .#
#g# #.#####.#.#.#
#g# #.# #.@.# #.#
##.## ........##
##.##...#####
#..####...
##............ #..#
##...#........#####
#..# ####.#....)..#
# ..#.......# #
#.........# #
..........#####
#.#............


There were no monsters in sight!

Vanquished Creatures
  A scorpion (D:4)
  A worker ant zombie (D:3)
  11 adders
  An ooze (D:2)
  2 adder skeletons
  4 worms
  A dart slug (D:1)
  5 giant geckos
  An orc (D:4)
  4 giant cockroaches
  8 goblins
  5 hobgoblins
  2 jackals (D:2)
  5 kobolds
  A quokka (D:2)
  A ball python (D:4)
  13 bats
  2 giant newts
  8 rats
76 creatures vanquished.

Notes
Turn   | Place    | Note
--------------------------------------------------------------
     0 | D:1      | zervinho the Spriggan Enchanter began the quest for the Orb.
     0 | D:1      | Reached XP level 1. HP: 9/9 MP: 5/5
   188 | D:1      | Reached XP level 2. HP: 1/13 MP: 4/6
   623 | D:1      | Reached skill level 5 in Stealth
  1365 | D:2      | Reached XP level 3. HP: 16/16 MP: 8/8
  2207 | D:2      | Reached XP level 4. HP: 20/21 MP: 9/9
  2657 | D:3      | HP: 1/21 [worm (5)]
  3151 | D:3      | Noticed Crazy Yiuf
  3438 | D:3      | Reached XP level 5. HP: 24/24 MP: 11/11
  3607 | D:3      | Reached skill level 6 in Stealth
  3856 | D:4      | HP: 1/36 [poisoned by a scorpion]
  4152 | D:4      | Gained mutation: You are clumsy. (Dex -2) [potion of mutation]
  4152 | D:4      | Gained mutation: Armour fits poorly on your strangely shaped body. [potion of mutation]
  4152 | D:4      | Gained mutation: You are partially covered in icy blue scales (AC +1). [potion of mutation]
  4153 | D:4      | Lost mutation: You are clumsy. (Dex -2) [potion of cure mutation]
  4153 | D:4      | Lost mutation: Armour fits poorly on your strangely shaped body. [potion of cure mutation]
  4153 | D:4      | Lost mutation: You are partially covered in icy blue scales (AC +1). [potion of cure mutation]
  4190 | D:4      | Found an opulent altar of Gozag.
  4435 | D:4      | HP: 1/24 [gnoll/halberd (11)]
  4840 | D:4      | HP: 1/24 [poisoned by an adder]
  4842 | D:4      | Succumbed to an adder's poison

Skill      XL: |  1  2  3  4  5 |
---------------+----------------+-----
Stealth        | 5 6 |  6.7
Hexes          | 4 |  4.6
Short Blades   | 2 3 |  3.8
Spellcasting   | 3 4 |  4.0
Dodging        | |  3.0

Action                   |  1- 3 |  4- 6 || total
-------------------------+-------+-------++-------
Melee: Dagger            |   188 |   202 ||   390
 Fire: Hunting sling     |     7 |       ||     7
Throw: Stone             |    11 |       ||    11
 Cast: Corona            |    25 |    33 ||    58
  Use: Scroll            |       |     8 ||     8
       Potion            |       |     8 ||     8
 Stab: Sleeping          |     7 |    19 ||    26
  Eat: Bread ration      |       |     1 ||     1
Armor: Robe              |    28 |    12 ||    40
       Skin              |       |     9 ||     9
Dodge: Dodged            |   160 |   132 ||   292
